 Dungeon Crawl Stone Soup version 0.30-a0-778-g2ef04afb54 (webtiles) character file.

Game seed: 14606897476250184422

91 Goldberg the Covered (level 4, 0/35 HPs)
             Began as a Human Fighter on Feb 16, 2023.
             Asphyxiated
             ... in a sewer.
             The game lasted 00:10:39 (1982 turns).

Goldberg the Covered (Human Fighter)                Turns: 1982, Time: 00:10:39

Health: 0/35       AC: 10    Str: 24    XL:     4   Next: 88%
Magic:  4/4        EV:  9    Int:  9    God:
Gold:   156        SH:  4    Dex: 12    Spells: 3/3 levels left

rFire   . . .      SeeInvis .    a - +0 trident
rCold   . . .      Faith    .    c - +0 buckler
rNeg    . . .      Spirit   .    b - +0 scale mail
rPois   .          Reflect  .    (no helmet)
rElec   .          Harm     .    j - +2 cloak
rCorr   +          Rampage  .    (no gloves)
Will    .....                    (no boots) Stlth
                                 (no amulet)
HPRegen 0.25/turn                f - ring of resist corrosion
MPRegen 0.09/turn                m - +6 ring of strength

@: lethally poisoned (0 -> -21), very slow
A: no striking features
a: no special abilities


You were in a sewer.
You visited 1 branch of the dungeon, and saw 3 of its levels.
You also visited: Sewer.

You collected 156 gold pieces.

Inventory:

Hand Weapons
 a - a +0 trident (weapon)
 e - a +0 sling
Missiles
 l - 2 poisoned darts (quivered)
 n - 11 stones
Armour
 b - a +0 scale mail (worn)
 c - a +0 buckler (worn)
 j - a +2 cloak (worn)
Jewellery
 f - a ring of resist corrosion (left hand)
 h - a ring of willpower
 m - a +6 ring of strength (right hand)
Scrolls
 g - a scroll of teleportation
 i - a scroll of brand weapon {unknown}
 k - 3 scrolls of amnesia
 o - a scroll of enchant armour {unknown}
Potions
 d - 2 potions of might
 p - a potion of heal wounds {unknown}


   Skills:
 + Level 3.4 Fighting
 + Level 3.3 Polearms
 + Level 3.6 Armour
 + Level 0.2 Stealth
 + Level 3.3 Shields


You had 3 spell levels left.
You didn't know any spells.
Your spell library contained the following spells:

 Spells                   Type           Power      Damage    Failure   Level
 Necrotise                Necr           0%         1d4       78%         1
 Vampiric Draining        Necr           0%         2d6       98%         3
 Agony                    Necr           0%         N/A       100%        5


Dungeon Overview and Level Annotations

Branches:
Dungeon (3/15)              Sewer (1/1)

Altars:


Message History

You feel sick.
Throw: 4 darts (poison)
Press: ? - help, Q - select action, (/) - cycle Shift-Dir - straight line, f - kobold brigand
Aim: a kobold brigand, wielding a +0 dagger and quivering poisoned darts (50% to hit)
You throw a poisoned dart.
The poisoned dart hits the kobold brigand.
The kobold brigand is poisoned.
You hear a splash.
You feel sick.
Throw: 3 darts (poison)
Press: ? - help, Q - select action, (/) - cycle Shift-Dir - straight line, f/p - kobold brigand
Aim: a kobold brigand, wielding a +0 dagger and quivering poisoned darts (poisoned, 50% to hit)
You throw a poisoned dart.
The poisoned dart hits the kobold brigand.
The kobold brigand looks even sicker.
You hear a splash.
You feel sick.
The kobold brigand throws a poisoned dart.
The poisoned dart hits you!
You are more poisoned.
You feel very sick.
The kobold brigand throws a poisoned dart.
The poisoned dart hits you.
You are more poisoned.
You feel very sick.
The kobold brigand throws a poisoned dart.
You block the poisoned dart.
You feel very sick.
You feel sick.
The kobold throws a poisoned dart.
The poisoned dart hits you!
You are more poisoned.
The kobold brigand throws a poisoned dart.
The poisoned dart hits you!
You are lethally poisoned!
* * * LOW HITPOINT WARNING * * *
You feel very sick.
The kobold brigand throws a curare-tipped dart.
The curare-tipped dart hits you.
You are more poisoned.
You have difficulty breathing.
You die...

......P...........
............~.....
P~~..P~~..~~~~...
~~P...P~~P~~P~~.
#########~†~#################
~~~~~~~~~~K~~~~~~~~~~~~~~~~≈#
≈~≈≈≈≈≈~≈≈≈≈≈~≈≈≈≈≈~≈≈≈≈≈~≈≈#
~~~~~~~(~~K~~~~~~~~~~~~~~~~≈#
~#~############~@########'###
~P~~P........~~~~~.#....#...#
P~~~.....P...~~~~..').∩.#.∩.#
~.~......K.........'....#.∩.#
...................#....#####
..........KP.....########
.....####.....##P# ....##
########## ...##


You could see 3 kobold brigands and a kobold.

Vanquished Creatures
  4 adders
  A dart slug (D:1)
  An orc (D:3)
  5 endoplasms
  2 giant cockroaches
  6 goblins
  2 hobgoblins
  2 jackals (D:2)
  6 kobolds
  3 quokkas
  6 ball pythons
  2 bats
  4 frilled lizards
  7 rats
51 creatures vanquished.

Vanquished Creatures (others)
  4 plants (Sewer)
4 creatures vanquished.

Grand Total: 55 creatures vanquished

Notes
Turn   | Place    | Note
-------+----------+-------------------------------------------
     0 | D:1      | Goldberg the Human Fighter began the quest for the Orb.
     0 | D:1      | Reached XP level 1. HP: 18/18 MP: 1/1
   294 | D:1      | Reached XP level 2. HP: 24/24 MP: 2/2
   787 | D:1      | Reached XP level 3. HP: 29/29 MP: 3/3
  1396 | D:2      | Reached XP level 4. HP: 35/35 MP: 4/4
  1824 | D:3      | Found a glowing drain.
  1845 | Sewer    | Entered a sewer
  1932 | Sewer    | Noticed a kobold brigand
  1932 | Sewer    | Noticed a kobold brigand
  1932 | Sewer    | Noticed a kobold brigand
  1932 | Sewer    | Noticed a kobold brigand
  1982 | Sewer    | Asphyxiated

Illustrated notes

Levels and vault maps discovered:
D:1:      dpeg_arrival_simpleton_b, layout_basic
D:2:      layout_loops_cross, nrook_loot_triangle
D:3:      minmay_general_purpose_star, layout_rooms, nicolae_ru_path_of_blood,
          portal_sewer_entry_b, kennysheep_doodads, uniq_sigmund
Sewer:    kennysheep_pipe_town

Skill      XL: |  1  2  3  4 |
---------------+-------------+-----
Polearms       | 3 |  3.3
Fighting       | |  3.4
Armour         | |  3.6
Stealth        | |  0.2
Shields        | |  3.3

Action                     |  1- 3 |  4- 6 || total
---------------------------+-------+-------++-------
  Melee: Trident           |   110 |    52 ||   162
  Throw: Dart              |       |     2 ||     2
    Use: Scroll            |     4 |     2 ||     6
         Potion            |     2 |       ||     2
 Armour: Scale mail        |    32 |    27 ||    59
  Dodge: Dodged            |    45 |    18 ||    63
  Block: Buckler           |    21 |     8 ||    29

Table legend: (Time is in decaauts)
 A = Elapsed time spent in this place.
 B = Non-inter-level travel time spent in this place.
 C = Inter-level travel time spent in this place.
 D = Time resting spent in this place.
 E = Time spent auto-exploring this place.
 F = Levels seen in this place.
 G = Mean time per level.
                   A        B        C        D        E       F      G
               +--------+--------+--------+--------+--------+-----+--------+
         Total |   2045 |   2045 |      0 |     30 |   1090 |   4 |  511.2 |
       Dungeon |   1874 |   1874 |      0 |     30 |   1066 |   3 |  624.7 |
         Sewer |    171 |    171 |      0 |      0 |     24 |   1 |  171.0 |
               +--------+--------+--------+--------+--------+-----+--------+

Top non-repeatable levels by time:
     D:1: 928 daAuts
     D:2: 762 daAuts
     D:3: 183 daAuts
   Sewer: 171 daAuts
